 Dungeon Crawl Stone Soup version 0.29.1-12-g30fa7ad0bf (webtiles) character file.

Game seed: 4459957633404744990

898 Pemander009 the Magician (level 8, -3/52 HPs)
             Began as a Djinni Fire Elementalist on Dec 24, 2022.
             Slain by an iguana (7 damage)
             ... on level 6 of the Dungeon.
             The game lasted 00:07:26 (6253 turns).

Pemander009 the Magician (Djinni Fire Elementalist) Turns: 6253, Time: 00:07:26

Health: -3/52      AC:  4    Str:  7    XL:     8   Next: 28%
Gold:   197        EV: 13    Int: 18    God:
                   SH:  0    Dex: 15

rFire   + + .      SeeInvis .   s - +0 flail (protect)
rCold   x . .      Faith    .   (no shield)
rNeg    . . .      Spirit   .   a - +0 robe
rPois   ∞          Reflect  .   (no helmet)
rElec   .          Harm     .   h - +0 cloak
rCorr   .          Rampage  .   g - +0 pair of gloves
Will    .....                   (boots unavailable)
Stlth   ++........              (no amulet)
HPRegen 0.17/turn               (no ring)
MPRegen 0.00/turn               (no ring)

@: flying
A: sickness immunity, fire resistance 2, cold vulnerability 1, float, innate
caster, HP casting, extra vitality 1
a: no special abilities


You were on level 6 of the Dungeon.
You visited 2 branches of the dungeon, and saw 7 of its levels.

You collected 197 gold pieces.

Inventory:

Hand Weapons
 s - a +0 flail of protection (weapon)
Armour
 a - a +0 robe (worn)
 g - a +0 pair of gloves (worn)
 h - a +0 cloak (worn)
Jewellery
 t - a ring of fire
Wands
 n - a wand of charming (7)
 v - a wand of digging (1)
 x - a wand of iceblast (10)
Scrolls
 c - a scroll of poison {unknown}
 e - 6 scrolls of teleportation
 j - 2 scrolls of fog
 o - 2 scrolls of silence {unknown}
 p - 3 scrolls of vulnerability {unknown}
 r - 3 scrolls of identify
 u - a scroll of enchant armour {unknown}
 y - a scroll of blinking {unknown}
Potions
 b - a potion of resistance {unknown}
 d - 3 potions of lignification
 f - 2 potions of flight {unknown}
 i - 2 potions of heal wounds
 k - a potion of brilliance
 l - a potion of berserk rage
 m - 3 potions of attraction {unknown}
 q - a potion of curing
 w - a potion of invisibility {unknown}
 z - a potion of mutation {unknown}
 A - a potion of ambrosia {unknown}
 B - a potion of haste {unknown}


   Skills:
 + Level 1.4 Fighting
 + Level 2.9 Dodging
 - Level 1.5 Stealth
 - Level 7.0 Spellcasting


You had 2 spell levels left.
You knew the following spells:

 Your Spells              Type           Power      Damage    Failure   Level
a - Foxfire               Conj/Fire      100%       2x1d9     1%          1
b - Scorch                Fire           62%        2d8       1%          2
c - Conjure Flame         Conj/Fire      31%        6-21      1%          3
d - Inner Flame           Hex/Fire       31%        N/A       1%          3
e - Flame Wave            Conj/Fire      31%        2d9       6%          4
f - Shock                 Conj/Air       100%       1d9       1%          1
g - Ensorcelled Hibernat  Hex/Ice        62%        N/A       1%          2
h - Spider Form           Tmut/Pois      31%        N/A       1%          3
Your spell library was empty.

Dungeon Overview and Level Annotations

Branches:
Dungeon (6/15)             Temple (1/1) D:5

Altars:
Ashenzari
Dithmenos
Elyvilon
Fedhas
Gozag
Hepliaklqana
Makhleb
Nemelex Xobeh
Wu Jian
Xom
Zin
The Shining One


Innate Abilities, Weirdness & Mutations

You are immune to sickness and miasma.
You are immune to poison.
Your flesh is very heat resistant. (rF++)
You are vulnerable to cold. (rC-)
You float through the air rather than walking.
You learn spells naturally, not from books.
Your magical power is your life essence.
You have superior vitality. (+4 MHP)


Message History

e - 6 scrolls of teleportation (gained 1)
An iguana comes into view.
An iguana is nearby!
An iguana is nearby!
An iguana comes into view.
Found a plate armour.
Casting: Scorch (safe; 1% risk of failure)
Confirm with . or Enter, or press ? or * to list all spells.
You can't see any susceptible monsters within range! (Use Z to cast anyway.)
The iguana hisses angrily. x2
Casting: Scorch (safe; 1% risk of failure)
Confirm with . or Enter, or press ? or * to list all spells.
Flames lash the iguana.
The iguana is moderately wounded.
The iguana's fire resistance burns away.
You hear a shout!
Casting: Scorch (safe; 1% risk of failure)
Confirm with . or Enter, or press ? or * to list all spells.
Flames lash the iguana.
The iguana is burned terribly!
The iguana is severely wounded.
A centaur comes into view.
The centaur wields a +0 shortbow.
The centaur shoots an arrow.
The arrow closely misses you. The iguana attacks as you move away!
The iguana bites you! The iguana attacks as you move away!
The iguana barely misses you.
The centaur shoots an arrow.
The arrow hits you!
The centaur shoots an arrow.
The arrow closely misses you.
Found a sedimented cyan potion.
The iguana attacks as you move away! The iguana barely misses you.
The iguana is no longer more vulnerable to fire.
The iguana attacks as you move away! The iguana bites you.
The iguana attacks as you move away! The iguana bites you.
The centaur shoots an arrow.
The arrow misses you. The iguana attacks as you move away!
The iguana misses you.
The centaur shoots an arrow.
The arrow hits you!
* * * LOW HITPOINT WARNING * * *
The centaur shoots an arrow.
The arrow hits you!
* * * LOW HITPOINT WARNING * * *
The iguana attacks as you move away! The iguana bites you!
You die...

. .##. ##..........# ....
###...........###.#.
...........!...#.#. ####
##.##..............
###..###...##........##...
#......#...........# ##...
###..................###...#
#.....<<..#@l.l..........###
###.#....##....c..........##
###...#.........[.>.....
###..##................
#..)...................
#..#..............#####
#........#.........####..
#.#..#.####.#..##.#..#.#..
#. ####.........####.......


You could see a centaur and 2 iguanas.

Vanquished Creatures
  Edmund (D:4)
  Duvessa (D:5)
  2 ogres
  A necrophage (D:6)
  A scorpion (D:4)
  Dowan (D:5)
  A howler monkey (D:5)
  2 hounds (D:5)
  3 iguanas
  5 adders
  A shadow imp (D:5)
  A worm (D:4)
  2 dart slugs
  6 orcs
  7 bats
  6 endoplasms
  5 giant cockroaches
  17 goblins
  6 hobgoblins
  6 jackals
  A quokka (D:4)
  11 ball pythons
  A frilled lizard (D:3)
  7 kobolds
  3 rats (D:3)
  A butterfly (D:5)
99 creatures vanquished.

Vanquished Creatures (others)
  59 foxfires
59 creatures vanquished.

Grand Total: 158 creatures vanquished

Notes
Turn   | Place    | Note
-------+----------+-------------------------------------------
     0 | D:1      | Pemander009 the Djinni Fire Elementalist began the quest
                  | for the Orb.
     0 | D:1      | Pemander009 set off with the following spells memorised:
                  | Foxfire, Scorch, Conjure Flame, Inner Flame, Flame Wave.
     0 | D:1      | Reached XP level 1. HP: 15/15 MP: 0/0
   272 | D:1      | Reached XP level 2. HP: 20/21 MP: 0/0
   401 | D:1      | Reached skill level 3 in Spellcasting
   720 | D:1      | Reached XP level 3. HP: 24/25 MP: 0/0
   720 | D:1      | Learned a level 1 spell: Shock
   772 | D:1      | Found a faded altar of an unknown god.
  1714 | D:2      | You are sucked into a shaft and drop 1 floor!
  1775 | D:3      | Reached XP level 4. HP: 13/31 MP: 0/0
  2706 | D:3      | Reached skill level 4 in Spellcasting
  3033 | D:3      | Found a shadowy altar of Dithmenos.
  3382 | D:4      | Reached XP level 5. HP: 28/35 MP: 0/0
  3382 | D:4      | Learned a level 2 spell: Ensorcelled Hibernation
  3958 | D:4      | Noticed an ogre
  3971 | D:4      | Killed an ogre
  3972 | D:4      | Reached XP level 6. HP: 28/40 MP: 0/0
  4194 | D:4      | Reached skill level 5 in Spellcasting
  4636 | D:4      | Noticed Edmund
  4665 | D:4      | HP: 1/40 [Edmund/+0 flail of protection (7)]
  4816 | D:4      | Killed Edmund
  4817 | D:4      | Reached XP level 7. HP: 19/45 MP: 0/0
  4817 | D:4      | Learned a level 3 spell: Spider Form
  5018 | D:5      | Entered Level 5 of the Dungeon
  5018 | D:5      | Noticed Duvessa
  5018 | D:5      | Noticed Dowan
  5078 | D:5      | Found a staircase to the Ecumenical Temple.
  5107 | Temple   | Entered the Ecumenical Temple
  5205 | D:5      | Reached skill level 6 in Spellcasting
  5419 | D:5      | Killed Dowan
  5427 | D:5      | Killed Duvessa
  5428 | D:5      | Reached XP level 8. HP: 11/50 MP: 0/0
  5759 | D:5      | Reached skill level 7 in Spellcasting
  6064 | D:5      | Found an opulent altar of Gozag.
  6182 | D:6      | Reached skill level 1 in Fighting
  6253 | D:6      | Slain by an iguana

Illustrated notes

Levels and vault maps discovered:
D:1:      mrwooster_arrival_statue, layout_loops_corners,
          shapermc_ecumenical_altar_totnotflames
D:2:      layout_basic
D:3:      minmay_recursive_quarters, layout_rooms, lemuel_coloured_pillars_altar
D:4:      layout_gridville, minmay_joined_circles, uniq_edmund
D:5:      layout_rooms, kennysheep_mini, minmay_temple_entry_butterflies,
          uniq_duvessa
D:6:      layout_cave_pools, jmf_multi_god_temple2
Temple:   eino_temple_lava

Skill      XL: |  1  2  3  4  5  6  7  8 |
---------------+-------------------------+-----
Spellcasting   | 3 4 5 6 7 |  7.0
Fighting       | 1 |  1.4
Dodging        | |  2.9
Stealth        | |  1.5

Action                   |  1- 3 |  4- 6 |  7- 9 || total
-------------------------+-------+-------+-------++-------
Melee: Unarmed           |       |     1 |       ||     1
       Punch             |       |     1 |       ||     1
       Flail             |       |       |     4 ||     4
 Cast: Foxfire           |    34 |     7 |       ||    41
       Scorch            |    15 |    76 |    34 ||   125
       Conjure Flame     |       |     3 |     4 ||     7
       Ensorcelled Hiber |       |     1 |       ||     1
  Use: Scroll            |       |     9 |       ||     9
       Potion            |       |     1 |       ||     1
 Stab: Sleeping          |       |     1 |       ||     1
Armor: Robe              |     5 |     8 |     1 ||    14
Dodge: Dodged            |     3 |    24 |    12 ||    39
